 Dungeon Crawl Stone Soup version 0.32-a0-131-g9dbbe29261 (webtiles) character file.

Game seed: 10382955781512456128

9 Esekla the Sneak (level 2, -1/21 HPs)
             Began as an Octopode Delver on Feb 9, 2024.
             Slain by a water moccasin (9 damage)
             ... on level 5 of the Dungeon.
             The game lasted 00:02:01 (77 turns).

Esekla the Sneak (Octopode Delver)                    Turns: 77, Time: 00:02:02

Health: -1/21      AC:  1    Str: 11    XL:     2   Next: 12%
Magic:  2/2        EV: 13    Int: 12    God:
Gold:   0          SH:  0    Dex: 13    Spells: 1/1 levels left

rFire   . . .        a - +0 falchion
rCold   . . .        (no shield)
rNeg    . . .        (helmet restricted)
rPois   .            (no amulet)
rElec   .            (no ring)
rCorr   .            (no ring)
SInv    .            (no ring)
Will    .....        (no ring)
Stlth   ++++         (no ring)
HPRegen 0.23/turn    (no ring)
MPRegen 0.08/turn    (no ring)
                     (no ring)

%: no passive effects
@: no status effects
A: almost no armour, amphibious, 8 rings, camouflage 1, gelatinous body 1,
(nimble swimmer 1), tentacles
a: no special abilities


You were on level 5 of the Dungeon.
You visited 2 branches of the dungeon, and saw 2 of its levels.

Inventory:

Hand Weapons
 a - a +0 falchion (weapon)
Wands
 f - a wand of digging (3)
Scrolls
 b - a scroll of fog
Potions
 e - a potion of haste


   Skills:
 * Level 3.1 Fighting
 + Level 2.0 Long Blades
 * Level 2.1 Dodging
 + Level 6.9 Stealth
 * Level 0.3 Spellcasting


You had one spell level left.
You didn't know any spells.
Your spell library contained the following spells:

 Spells                   Type           Power      Damage    Failure   Level
 Ignite Poison            Fire/Alch      0%         N/A       97%         4
 Sticky Flame             Fire/Alch      0%         2d4       97%         4
 Ignition                 Fire           0%         3d3       100%        8


Dungeon Overview and Level Annotations

Branches:
Dungeon (5/15)             Temple (1/1) D:5

Altars:
Gozag
Hepliaklqana
Kikubaaqudgha
Nemelex Xobeh
Okawaru
Trog
Uskayaw
Wu Jian
Xom
The Shining One


Innate Abilities, Weirdness & Mutations

You cannot wear most types of armour.
You are amphibious.
You can wear up to eight rings at the same time.
Your skin changes colour to match your surroundings (Stealth+).
Your rubbery body absorbs attacks. (AC +1, EV +1)
((You are camouflaged when in or above water. (Stealth+)))
You have tentacles for arms and can constrict up to eight enemies at once.


Message History

You climb upwards.
There is a staircase to the Ecumenical Temple here.
You pick up an Everburning Encyclopedia and begin reading...
You add the spells Ignite Poison, Sticky Flame and Ignition to your library.
A water moccasin comes into view.
The water moccasin hisses angrily.
You hear a shout!
An ufetubus comes into view.
The ufetubus barely misses you. The ufetubus closely misses you.
You miss the ufetubus. Your grab misses the ufetubus. The ufetubus hits you.
The ufetubus completely misses you.
An ufetubus comes into view.
The ufetubus closely misses you. The ufetubus hits you.
As you read the scroll of fear, it crumbles to dust.
You assume a fearsome visage.
The ufetubus looks frightened! x2
The ufetubus shouts!
The water moccasin looks frightened!
An adder comes into view.
The adder hisses angrily.
You hit the adder. You grab the adder.
The adder is heavily wounded.
You constrict the adder, but do no damage.
The adder barely misses you.
You hit the adder. You squeeze the adder.
You kill the adder!
Cornered, the ufetubus turns to fight!
You have reached level 2!
You hit the water moccasin.
Your attack snaps the water moccasin out of its fear.
You grab the water moccasin. You squeeze the water moccasin.
The water moccasin is lightly wounded.
You constrict the water moccasin. The water moccasin bites you.
The water moccasin bites you!
Cornered, the ufetubus turns to fight!
You slash the water moccasin!
The water moccasin is heavily wounded.
You constrict the water moccasin. The water moccasin misses you.
The water moccasin closely misses you.
You hit the water moccasin. Your squeeze misses the water moccasin.
The water moccasin is severely wounded.
You constrict the water moccasin. The water moccasin bites you!
You die...

*,,,,,*,,,,,,*,,***,*,***
*,**,,,,***,,,,,,,,,*,,,,
**,,,,,,,,,,,,*,**********
****,,,..#,,,,**,*,,,,,,,,,,,
*,,,.,,,..,,*,**,************
*,*,..,,#.#**,**,*****
*,,,...,#..,,,**,,,,,*
*****,,,,,..#..######***,*
,,,,,,,,,,,,.5.#@S..#
**,*****
****,,*,######...##.#
*,,*,,,* *,,,<*,#.....5.###.#
*,,,,*,*
##.#.##.#.#.5....##.#
*,,*,,,*
##......#.#.###....S#
*,,,,*,*
##..#.###......#.####
*,,*,,,* ....#.#####.#....#
**,,,*,*** .#....## #.######
*,*,,,,,* .#######
#......#### *,,,*,*,*


You could see a water moccasin and 2 ufetubi.

Vanquished Creatures
  An adder (D:5)
1 creature vanquished.

Notes
Turn   | Place    | Note
-------+----------+-------------------------------------------
     0 | D:5      | Esekla the Octopode Delver began the quest for the Orb.
     0 | D:5      | Reached XP level 1. HP: 16/16 MP: 1/1
    28 | D:5      | Found a staircase to the Ecumenical Temple.
    37 | Temple   | Entered the Ecumenical Temple
    60 | D:5      | Noticed a water moccasin
    75 | D:5      | Reached XP level 2. HP: 17/21 MP: 2/2
    77 | D:5      | Slain by a water moccasin

Illustrated notes

Levels and vault maps discovered:
D:5:      layout_basic, minmay_temple_entry_overgrown, minmay_misc_feat_pillars,
          minmay_misc_feat_ornament, chequers_jeans
Temple:   eino_wide_crystal_templ

Action                     || total
---------------------------++-------
  Melee: Falchion          ||     6
         Constrict         ||     2
         Tentacles         ||     2
    Use: Scroll            ||     2
 Armour: Skin              ||     5
  Dodge: Dodged            ||     7

Table legend: (Time is in decaauts)
 A = Elapsed time spent in this place.
 B = Non-inter-level travel time spent in this place.
 C = Inter-level travel time spent in this place.
 D = Time resting spent in this place.
 E = Time spent auto-exploring this place.
 F = Levels seen in this place.
 G = Mean time per level.
                   A        B        C        D        E       F      G
               +--------+--------+--------+--------+--------+-----+--------+
         Total |     78 |     78 |      0 |      0 |      0 |   2 |   39.0 |
       Dungeon |     76 |     76 |      0 |      0 |      0 |   1 |   76.0 |
        Temple |      1 |      1 |      0 |      0 |      0 |   1 |    1.0 |
               +--------+--------+--------+--------+--------+-----+--------+

Top non-repeatable levels by time:
     D:5: 76 daAuts
  Temple: 1 daAuts
